 Dungeon Crawl Stone Soup version 0.24.0-123-gd5b16e6ec5 (webtiles) character file.

Game seed: 16726755196959696381, levelgen mode: deterministic

57 Descartes the Sneak (level 3, 0/15 HPs)
             Began as a Felid Transmuter on Feb 1, 2020.
             Slain by a hound (3 damage)
             ... on level 4 of the Dungeon.
             The game lasted 00:03:40 (1999 turns).

Descartes the Sneak (Felid Transmuter)              Turns: 1999, Time: 00:03:41

Health: 0/15       AC:  1    Str:  7    XL:     3   Next: 73%
Magic:  7/7        EV: 18    Int: 14    God:
Gold:   119        SH:  0    Dex: 16    Spells: 3/6 levels left
                                        Lives:  0   Deaths: 0

rFire    . . .     SeeInvis +     - Unarmed
rCold    . . .     Gourm    .   (shield unavailable)
rNeg     . . .     Faith    .   (armour unavailable)
rPois    .         Spirit   .   (helmet unavailable)
rElec    .         Reflect  .   (cloak unavailable)
rCorr    +         Harm     .   (gloves unavailable)
MR       .....                  (boots unavailable)
Stlth    +++.......             (no amulet)
HPRegen  0.05/turn              h - ring of resist corrosion
MPRegen  0.10/turn              (no ring)

@: quick
A: very small, no armour, no weapons or thrown items, stealth, claws 1, fangs 3,
see invisible, carnivore, speed 1, shaggy fur 1, slow metabolism 1, sharp paws
a: no special abilities


You were on level 4 of the Dungeon.
You were completely stuffed.

You visited 1 branch of the dungeon, and saw 4 of its levels.

You collected 119 gold pieces.

Inventory:

Missiles
 a - 52 arrows
 j - 114 stones
Jewellery
 h - a ring of resist corrosion (left paw)
Scrolls
 d - 5 scrolls of identify {unknown}
 e - a scroll of teleportation {unknown}
 f - a scroll of magic mapping {unknown}
 k - a scroll of fog {unknown}
 n - 2 scrolls of remove curse {unknown}
 p - 3 scrolls of random uselessness {unknown}
 q - a scroll of enchant weapon {unknown}
Potions
 b - a potion of agility {unknown}
 g - 2 potions of lignification {unknown}
 i - a potion of berserk rage {unknown}
 l - a potion of invisibility {unknown}
 m - a potion of haste {unknown}
Comestibles
 c - 5 rations


   Skills:
 - Level 1.0 Fighting
 - Level 2.6 Dodging
 * Level 3.5 Stealth
 + Level 3.4 Unarmed Combat
 - Level 2.0 Spellcasting
 + Level 2.9 Transmutations


You had 3 spell levels left.
You knew the following spells:

 Your Spells              Type           Power        Failure   Level  Hunger
a - Beastly Appendage     Tmut           #.....       8%          1    ##.....
b - Sticks to Snakes      Tmut           #.......     11%         2    ###....

Your spell library contained the following spells:

 Spells                   Type           Power        Failure   Level  Hunger
 Spider Form              Tmut/Pois      #.........   36%         3    ####...
 Ice Form                 Ice/Tmut       #.......     78%         4    #####..
 Blade Hands              Tmut           #.........   90%         5    ######.


Dungeon Overview and Level Annotations

Branches:
Dungeon (3/15)

Altars:
Qazlal
Sif Muna


Innate Abilities, Weirdness & Mutations

You cannot wear armour.
You are incapable of wielding weapons or throwing items.
Your paws allow you to move quietly. (Stealth)
You have sharp claws.
You have razor-sharp teeth.
You have supernaturally acute eyesight. (SInv)
You are carnivorous and can eat meat at any time.
You cover ground quickly.
You are covered in fur. (AC +1)
You have a slow metabolism.
Your sharp claws are effective at attacking unaware monsters.


Message History

You scratch the adder skeleton.
You destroy the adder skeleton!
You scratch the hound.
The hound is lightly wounded.
The hound misses you. The hound bites you.
You closely miss the hound. Your bite misses the hound.
The hound is lightly wounded.
The hound closely misses you.
You scratch the hound.
The hound is heavily wounded.
The hound misses you. The hound barely misses you.
You closely miss the hound.
The hound is heavily wounded.
The hound misses you.
You closely miss the hound.
The hound is heavily wounded.
The hound bites you.
* * * LOW HITPOINT WARNING * * *
The hound bites you.
You die...

#.# #.# ##.#
#.# #..# #..
#.## ### #.#
#.# # #.# #
..########.#
#
......h@...#
#
.###########
#


You could see a hound.

Vanquished Creatures
  2 adders (D:2)
  An adder skeleton (D:4)
  A worm (D:2)
  3 leopard geckos
  4 goblins
  3 hobgoblins
  A jackal (D:2)
  5 bats
  2 frilled lizards (D:2)
  3 kobolds
  6 rats
31 creatures vanquished.

Vanquished Creatures (others)
  A jackal (D:2)
1 creature vanquished.

Grand Total: 32 creatures vanquished

Notes
Turn   | Place    | Note
-------+----------+-------------------------------------------
     0 | D:1      | Descartes the Felid Transmuter began the quest for the Orb.
     0 | D:1      | Reached XP level 1. HP: 9/9 MP: 4/4
   379 | D:2      | Reached skill level 1 in Stealth
   409 | D:2      | Found a stormy altar of Qazlal.
   435 | D:2      | Reached XP level 2. HP: 12/12 MP: 6/6
   843 | D:2      | Reached XP level 3. HP: 15/15 MP: 7/7
  1030 | D:2      | Found a shimmering blue altar of Sif Muna.
  1673 | D:3      | You fall into a shaft and drop 1 floor!
  1860 | D:4      | Learned a level 2 spell: Sticks to Snakes
  1999 | D:4      | Slain by a hound

Levels and vault maps discovered:
D:1:      roderic_crossed_star, layout_basic
D:2:      layout_loops_ring, grunt_qazlal_clouds, led_sif_pool,
          minmay_misc_feat_chi, ebering_dispersal_statue_hall, chequers_avenue,
          chequers_hall_statues_wall_a
D:3:      layout_basic, patterned_corridor
D:4:      layout_loops_corners, first_ration

Skill      XL: |  1  2  3 |
---------------+----------+-----
Stealth        | 1 2 3 |  3.5
Fighting       | |  1.0
Dodging        | |  2.6
Unarmed Combat | |  3.4
Spellcasting   | |  2.0
Transmutations | |  2.9

Action                   || total
-------------------------++-------
Melee: Unarmed           ||   111
       Bite              ||     2
       Punch             ||     1
       Headbutt          ||     1
 Cast: Beastly Appendage ||     1
 Stab: Sleeping          ||     6
  Eat: Chunk             ||     9
Armor: Skin              ||     4
Dodge: Dodged            ||    77
